 Dungeon Crawl Stone Soup version 0.31.0-11-ge490571c62 (webtiles) character file.

Game seed: 1572352530376972958

47 browni3141 the Trooper (level 3, 0/33 HPs)
             Began as a Minotaur Fighter on Jan 27, 2024.
             Slain by a gnoll
             ... wielding a +0 flail
              (8 damage)
             ... on level 3 of the Dungeon.
             The game lasted 00:00:22 (345 turns).

browni3141 the Trooper (Minotaur Fighter)            Turns: 345, Time: 00:00:23

Health: 0/33       AC:  7    Str: 22    XL:     3   Next: 48%
Magic:  2/2        EV:  9    Int:  5    God:
Gold:   23         SH:  4    Dex:  9    Spells: 2/2 levels left

rFire   . . .        a - +0 war axe
rCold   . . .        c - +0 buckler
rNeg    . . .        b - +0 scale mail
rPois   .            (helmet restricted)
rElec   .            (no cloak)
rCorr   .            (no gloves)
SInv    .            (no boots)
Will    .....        (no amulet) Stlth
                     (no ring)
HPRegen 0.25/turn    (no ring)
MPRegen 0.08/turn

%: no passive effects
@: no status effects
A: horns 2, retaliatory headbutt
a: no special abilities


You were on level 3 of the Dungeon.
You visited 1 branch of the dungeon, and saw 3 of its levels.

You collected 23 gold pieces.

Inventory:

Hand Weapons
 a - a +0 war axe (weapon)
Missiles
 i - a poisoned dart (quivered)
Armour
 b - a +0 scale mail (worn)
 c - a +0 buckler (worn)
Scrolls
 e - a scroll of teleportation {unknown}
 g - a scroll of summoning {unknown}
 h - a scroll of acquirement {unknown}
Potions
 d - a potion of might
 f - 2 potions of curing {unknown}


   Skills:
 + Level 4.1 Fighting
 * Level 3.5 Axes
 + Level 4.0 Armour
 + Level 4.0 Shields


You had 2 spell levels left.
You didn't know any spells.
Your spell library contained the following spells:

 Spells                   Type           Power      Damage    Failure   Level
 Magic Dart               Conj           0%         1d3       86%         1
 Blink                    Tloc           0%         N/A       94%         2
 Call Imp                 Summ           0%         N/A       94%         2


Dungeon Overview and Level Annotations

Branches:
Dungeon (3/15)

Altars:


Innate Abilities, Weirdness & Mutations

You have a pair of horns on your head.
You reflexively headbutt those who attack you in melee.


Message History

You hit the adder but do no damage. The adder bites you.
The adder bites you but does no damage.
You slash the adder!
The adder is severely wounded.
The adder bites you but does no damage.
You hit the adder.
You kill the adder!
Your Axes skill increases to level 3!
You have reached level 2!
HP restored.
You see here an adder corpse.
Found an escape hatch in the floor.
There is an escape hatch in the floor here.
Found a stone staircase leading down.
A hobgoblin comes into view.
A hobgoblin is nearby!
An adder comes into view.
The adder hisses angrily.
You block the hobgoblin's attack.
You barely miss the hobgoblin. Your headbutt misses the hobgoblin.
The hobgoblin barely misses you.
You closely miss the hobgoblin. Your headbutt misses the hobgoblin.
The hobgoblin closely misses you.
The hobgoblin hits you but does no damage.
You closely miss the adder. You headbutt the adder!
You kill the adder!
You barely miss the hobgoblin.
The hobgoblin hits you but does no damage.
You slash the hobgoblin!
You kill the hobgoblin!
No target in view!
No target in view!
h - a scroll labelled LUROYV ZULUBAN You see here 5 poisoned darts.
i - 5 poisoned darts
There is a stone staircase leading down here.
You climb downwards.
Found a rapier.
Found a stone staircase leading up and a stone staircase leading down.
There is a stone staircase leading up here.
Found a stone staircase leading up.
You see here a +0 rapier.
An endoplasm comes into view.
The endoplasm quivers.
The endoplasm moves out of view.
A gnoll comes into view. It is wielding a +0 club.
The gnoll shouts!
You see here a scroll labelled VICAHE SARU.
There are monsters nearby!
There are monsters nearby!
There are monsters nearby!
A gnoll comes into view. It is wielding a +0 flail.
You throw a poisoned dart. The poisoned dart hits the endoplasm.
You throw a poisoned dart.
The poisoned dart completely misses the endoplasm.
The poisoned dart barely misses the gnoll. x2
A gnoll comes into view. It is wielding a +0 whip.
The endoplasm hits you but does no damage.
You barely miss the endoplasm.
The gnoll shouts!
You headbutt the endoplasm.
You kill the endoplasm!
You have reached level 3!
Your experience leads to an increase in your attributes!
Increase (S)trength, (I)ntelligence, or (D)exterity?
You feel stronger. x2
You throw a poisoned dart. The poisoned dart hits the gnoll.
The gnoll is poisoned.
The gnoll barely misses you. You furiously retaliate!
You headbutt the gnoll. You throw a poisoned dart.
The poisoned dart hits the gnoll.
The gnoll looks even sicker.
The gnoll is heavily wounded.
You hit the gnoll but do no damage. You headbutt the gnoll.
The gnoll is severely wounded.
You hit the gnoll but do no damage. The gnoll hits you with a +0 club.
You block the gnoll's attack.
You closely miss the gnoll.
The gnoll is severely wounded.
You closely miss the gnoll. The gnoll hits you with a +0 club.
The gnoll hits you with a +0 flail. The gnoll closely misses you.
You block the gnoll's attack.
You closely miss the gnoll. Your headbutt misses the gnoll.
The gnoll is almost dead.
You closely miss the gnoll.
You kill the gnoll!
The gnoll hits you with a +0 flail.
Your Fighting skill increases to level 4!
Your Armour skill increases to level 4!
Your Shields skill increases to level 4!
You barely miss the gnoll. The gnoll hits you with a +0 flail!
You slash the gnoll!
You kill the gnoll!
You hit the gnoll but do no damage. The gnoll hits you with a +0 flail.
You hit the gnoll.
The gnoll is lightly wounded.
The gnoll hits you with a +0 flail.
You hit the gnoll. Your headbutt misses the gnoll.
The gnoll is moderately wounded.
The gnoll hits you with a +0 flail!
You die...

#. ####.######
#.........#
#.##.##.#.#
#.##.##.#.#
#.##......# ###
#.##.##.#.#
.....##g........#
(....()@?..#..#.#
......####.#.##.#
..... #.#)##.#
.... #....<.# ###
# #.#.####
.##>#.##.#.#
......<<...#
..###.###### #


You could see a gnoll.

Vanquished Creatures
  2 adders (D:2)
  2 gnolls (D:3)
  An endoplasm (D:3)
  A giant cockroach (D:1)
  A goblin (D:1)
  2 hobgoblins
  A quokka (D:1)
  A kobold (D:1)
  A rat (D:1)
12 creatures vanquished.

Notes
Turn   | Place    | Note
-------+----------+-------------------------------------------
     0 | D:1      | browni3141 the Minotaur Fighter began the quest for the
                  | Orb.
     0 | D:1      | Reached XP level 1. HP: 19/19 MP: 0/0
    19 | D:1      | Found a faded altar of an unknown god.
   263 | D:2      | Reached XP level 2. HP: 26/27 MP: 1/1
   337 | D:3      | Reached XP level 3. HP: 33/33 MP: 2/2
   345 | D:3      | Slain by a gnoll

Illustrated notes

Levels and vault maps discovered:
D:1:      lightli_arrival_lavapool, layout_rooms,
          dreamdust_ecumenical_altar_grove, dreamdust_princess_bridge,
          minivault_5
D:2:      layout_basic
D:3:      layout_loops_cross, serial_shops, nicolae_shop_peninsula

Skill      XL: |  1  2  3 |
---------------+----------+-----
Axes           | 3 |  3.5
Fighting       | 4 |  4.1
Armour         | 4 |  4.0
Shields        | 4 |  4.0

Action                     || total
---------------------------++-------
  Melee: War axe           ||    24
         Headbutt          ||     3
  Throw: Dart              ||     4
 Armour: Scale mail        ||    24
  Dodge: Dodged            ||    15
  Block: Buckler           ||     5
